 Dungeon Crawl Stone Soup version 0.21.0-3-g78d12a8 (webtiles) character file.

9646 mopl the Covert (level 11, -8/54 HPs)
             Began as a Kobold Enchanter on Jan 15, 2018.
             Was a Believer of Dithmenos.
             Mangled by a death yak (29 damage)
             ... on level 8 of the Dungeon.
             The game lasted 00:24:00 (10259 turns).

mopl the Covert (Kobold Enchanter)                 Turns: 10259, Time: 00:24:01

Health: -8/54      AC:  9    Str:  5    XL:     11   Next: 78%
Magic:  17/17      EV: 15    Int: 21    God:    Dithmenos [**....]
Gold:   548        SH:  6    Dex: 18    Spells: 6/18 levels left

rFire    . . .     SeeInvis .   C - +0 blowgun
rCold    + . .     Gourm    .   (shield restricted)
rNeg     . . .     Faith    .   w - +2 robe {rF+}
rPois    .         Spirit   .   (no helmet)
rElec    .         Reflect  +   D - +2 cloak
rCorr    .         Harm     .   G - +1 pair of gloves
MR       .....                  (no boots)
Stlth    ++++++++..             u - +6 amulet of reflection
HPRegen  0.18/turn              I - ring of ice
MPRegen  0.15/turn              K - +3 ring of intelligence

@: wreathed by umbra
A: small, carnivore
a: Shadow Step, Renounce Religion


You were on level 8 of the Dungeon.
You worshipped Dithmenos.
Dithmenos was pleased with you.
You were very full.

You visited 2 branches of the dungeon, and saw 11 of its levels.

You collected 548 gold pieces.

Inventory:

Hand Weapons
 a - a +0 dagger of venom
 b - a +2 short sword of venom
 C - a +0 blowgun (weapon)
Missiles
 e - 59 poisoned needles
 m - 31 tomahawks
 H - 2 needles of confusion (quivered)
Armour
 w - a +2 robe of fire resistance (worn)
 D - a +2 cloak (worn)
 G - a +1 pair of gloves (worn)
 O - a +1 robe of magic resistance
Jewellery
 u - a +6 amulet of reflection (around neck)
 A - an uncursed ring of fire
 I - a ring of ice (left hand)
 K - a +3 ring of intelligence (right hand)
 M - an uncursed ring of wizardry
Wands
 y - a wand of polymorph (19)
Scrolls
 f - 3 scrolls of fear {unknown}
 g - 4 scrolls of remove curse
 j - 2 scrolls of enchant weapon {unknown}
 k - 3 scrolls of enchant armour {unknown}
 n - 2 scrolls of amnesia {unknown}
 o - 2 scrolls of noise {unknown}
 v - 5 scrolls of teleportation {unknown}
 x - 3 scrolls of magic mapping {unknown}
 z - a scroll of fog {unknown}
 J - a scroll of immolation {unknown}
 L - a scroll of random uselessness {unknown}
 N - a scroll of holy word {unknown}
 R - a scroll of identify
Potions
 h - 2 potions of lignification {!q}
 i - 2 potions of agility {unknown}
 l - 2 potions of curing {unknown}
 p - a potion of ambrosia
 q - a potion of flight
 r - 4 potions of heal wounds {unknown}
 s - 2 potions of resistance
 t - 2 potions of brilliance {unknown}
 B - 2 potions of might
 E - 3 potions of mutation {!q}
 F - 4 potions of haste {unknown}
Miscellaneous
 Q - a crystal ball of energy
Comestibles
 d - 19 rations


   Skills:
 + Level 9.1 Short Blades
 + Level 5.7 Throwing
 - Level 2.4 Dodging
 * Level 13.9 Stealth
 - Level 4.0 Spellcasting
 - Level 3.0 Conjurations
 * Level 10.4 Hexes
 - Level 4.0 Ice Magic
 + Level 1.0 Invocations


You had 6 spell levels left.
You knew the following spells:

 Your Spells              Type           Power        Failure   Level  Hunger
a - Corona                Hex            #####..      1%          1    None
b - Ensorcelled Hibernat  Hex/Ice        ######       1%          2    #......
c - Confuse               Hex            #####...     1%          3    ###....
d - Tukima's Dance        Hex            #####...     1%          3    ###....
g - Dazzling Spray        Conj/Hex       ####..       2%          3    ###....


Dungeon Overview and Level Annotations

Branches:
Dungeon (10/15)            Temple (1/1) D:6            Lair (0/6) D:10
    Orc: D:9-12

Altars:
Ashenzari
Cheibriados
Dithmenos
Elyvilon
Fedhas
Gozag
Hepliaklqana
Kikubaaqudgha
Makhleb
Nemelex Xobeh
Okawaru
Qazlal
Ru
Sif Muna
Trog
Uskayaw
Vehumet
Wu Jian
Xom
Yredelemnul
Zin
The Shining One
Beogh
Lugonu

Shops:
D:9 [


Innate Abilities, Weirdness & Mutations

You are small and have problems with some larger weapons.
You are carnivorous and can eat meat at any time.


Message History

The death yak is lightly wounded.
Unknown command.
Firing (i - inventory. (,) - cycle):
H - 4 needles of confusion (quivered)
Press: ? - help, Shift-Dir - straight line, f/p - death yak
Aim: a death yak (lightly wounded, poisoned, umbra)
You shoot a needle of confusion.
The needle of confusion hits the death yak!
The death yak resists.
The death yak is lightly wounded.
Unknown command.
Firing (i - inventory. (,) - cycle):
H - 3 needles of confusion (quivered)
Press: ? - help, Shift-Dir - straight line, f/p - death yak
Aim: a death yak (moderately wounded, poisoned, umbra)
You shoot a needle of confusion.
The needle of confusion hits the death yak.
The death yak resists.
The death yak is moderately wounded.
The death yak gores you!!
Ouch! That really hurt!
You die...

.........# #######....#
.........# #.####.#####
#8###8##.# #..........# ###
####.##############.###.#####
#...........................#
#..#.##########.......#.##.##
#..#.................##.##.#
#..#..#########.####.##.##.#
#####..#..##....@Y.............#
...........'..........>#.##.##.#
######...###........####.##.##.##
.........# #....((((((...##.....#
######..## ###.####.##########.##
#...# #.# #.# #........# #.#.##
#.# #.# #.###.#.## #.#..# #.# #.#
#.# #.#.# #####.##.####.# #.# #.#
#.#.#


You could see a death yak.

Vanquished Creatures
  Erica (D:8)
  2 two-headed ogres (D:8)
  Maurice (D:8)
  Prince Ribbit (D:8)
  A hippogriff (D:9)
  The ghost of skk the Ruffian, an amateur TrWr (D:4)
  3 yaks
  A hungry ghost (D:8)
  4 vampire mosquitoes (D:9)
  2 orc warriors
  2 black bears
  4 sky beasts
  An eye of draining (D:9)
  5 ice beasts
  3 phantoms
  2 necrophages (D:9)
  5 ogres
  A centaur (D:7)
  6 bullfrogs
  3 scorpions
  12 killer bees (D:9)
  2 wights (D:9)
  14 howler monkeys
  6 crimson imps
  2 centaur zombies
  2 bullfrog zombies
  3 jellies (D:9)
  3 human zombies (D:9)
  Crazy Yiuf (D:3)
  A bullfrog skeleton (D:4)
  3 centaur skeletons (D:8)
  12 orc priests
  Jessica (D:6)
  3 human skeletons (D:9)
  2 iguanas (D:6)
  11 orc wizards
  5 worker ants
  Terence (D:2)
  A hound zombie (D:9)
  2 mummies (D:9)
  2 worker ant zombies
  8 adders
  4 gnolls (D:8)
  2 shadow imps (D:8)
  5 oozes (D:9)
  4 adder skeletons
  10 worms
  A dart slug (D:1)
  6 leopard geckos
  65 orcs
  3 giant cockroaches
  6 hobgoblins
  6 jackals
  6 kobolds
  6 quokkas
  A ball python (D:2)
  6 bats
  8 frilled lizards
  6 goblins
  A jackal zombie (D:7)
  2 leopard gecko skeletons
  A quokka skeleton (D:4)
  5 rats
300 creatures vanquished.

Notes
Turn   | Place    | Note
-------+----------+-------------------------------------------
     0 | D:1      | mopl the Kobold Enchanter began the quest for the Orb.
     0 | D:1      | Reached XP level 1. HP: 10/10 MP: 3/3
   423 | D:1      | Reached XP level 2. HP: 15/15 MP: 3/5
   432 | D:1      | Learned a level 2 spell: Ensorcelled Hibernation
   768 | D:1      | Reached XP level 3. HP: 14/19 MP: 6/6
   773 | D:1      | Learned a level 3 spell: Confuse
  1083 | D:2      | Noticed a phantom
  1151 | D:2      | Noticed Terence
  1388 | D:2      | Killed Terence
  1388 | D:2      | Reached skill level 2 in Short Blades
  1388 | D:2      | Reached skill level 1 in Ice Magic
  1388 | D:2      | Reached XP level 4. HP: 24/24 MP: 4/7
  1577 | D:2      | Reached skill level 5 in Stealth
  2379 | D:3      | Found a sacrificial altar of Ru.
  2379 | D:3      | Found a glowing silver altar of Zin.
  2425 | D:3      | Reached XP level 5. HP: 18/28 MP: 2/9
  2473 | D:3      | Reached skill level 4 in Hexes
  2566 | D:3      | Learned a level 3 spell: Tukima's Dance
  2574 | D:3      | Found a burning altar of Makhleb.
  2806 | D:3      | Found a runed door.
  2961 | D:3      | Noticed Crazy Yiuf
  2968 | D:3      | Killed Crazy Yiuf
  3010 | D:4      | Reached XP level 6. HP: 32/32 MP: 10/10
  3105 | D:4      | Noticed a phantom
  3136 | D:4      | Killed a phantom
  3136 | D:4      | Reached skill level 3 in Short Blades
  3136 | D:4      | Reached skill level 6 in Stealth
  3136 | D:4      | Reached skill level 3 in Spellcasting
  3164 | D:4      | Noticed an ogre
  3187 | D:4      | Killed an ogre
  3187 | D:4      | Reached skill level 2 in Ice Magic
  3187 | D:4      | Reached XP level 7. HP: 34/36 MP: 7/11
  3257 | D:4      | Noticed skk's ghost (amateur TrWr)
  3809 | D:4      | Reached skill level 7 in Stealth
  3809 | D:4      | Reached skill level 5 in Hexes
  4018 | D:4      | Killed skk's ghost
  4018 | D:4      | Reached skill level 4 in Short Blades
  4018 | D:4      | Reached XP level 8. HP: 41/41 MP: 10/13
  4254 | D:5      | Entered Level 5 of the Dungeon
  4370 | D:5      | Reached skill level 8 in Stealth
  4370 | D:5      | Reached skill level 4 in Spellcasting
  4370 | D:5      | Reached skill level 3 in Ice Magic
  4375 | D:5      | Learned a level 3 spell: Dazzling Spray
  4592 | D:5      | Reached skill level 6 in Hexes
  4602 | D:5      | Found a shattered altar of Ashenzari.
  4986 | D:5      | Reached skill level 1 in Conjurations
  5132 | D:6      | Reached skill level 5 in Short Blades
  5169 | D:6      | Reached XP level 9. HP: 45/45 MP: 15/15
  5172 | D:6      | Reached skill level 9 in Stealth
  5329 | D:5      | Reached skill level 2 in Conjurations
  5679 | D:6      | Found a staircase to the Ecumenical Temple.
  5688 | D:6      | Reached skill level 4 in Ice Magic
  5692 | Temple   | Entered the Ecumenical Temple
  5969 | D:6      | Reached skill level 7 in Hexes
  6142 | D:6      | Noticed Jessica
  6158 | D:6      | Killed Jessica
  6166 | D:6      | Found a deep blue altar of Sif Muna.
  6249 | D:6      | Reached skill level 10 in Stealth
  6340 | D:6      | Reached skill level 6 in Short Blades
  6340 | D:6      | Reached skill level 1 in Throwing
  6424 | D:7      | Found an iron altar of Okawaru.
  6626 | D:7      | Reached skill level 3 in Conjurations
  6727 | D:7      | Reached skill level 2 in Throwing
  6768 | D:8      | Reached XP level 10. HP: 50/50 MP: 12/16
  6879 | D:8      | Reached skill level 11 in Stealth
  6879 | D:8      | Reached skill level 8 in Hexes
  6896 | D:8      | Found an ornate altar of the Wu Jian Council.
  6942 | D:8      | Found a blossoming altar of Fedhas.
  6987 | D:8      | Reached skill level 3 in Throwing
  7000 | D:8      | Reached skill level 7 in Short Blades
  7033 | D:8      | Found an opulent altar of Gozag.
  7033 | D:8      | Found a shadowy altar of Dithmenos.
  7034 | D:8      | Found a snail-covered altar of Cheibriados.
  7035 | D:8      | Found a glowing golden altar of the Shining One.
  7036 | D:8      | Found a hide-covered altar of Uskayaw.
  7044 | D:8      | Became a worshipper of Dithmenos the Shadowed
  7055 | D:8      | Noticed a two-headed ogre
  7058 | D:8      | Found a glowing silver altar of Zin.
  7063 | D:8      | Killed a two-headed ogre
  7064 | D:8      | Found a bloodstained altar of Trog.
  7331 | D:8      | Noticed Maurice
  7338 | D:8      | Killed Maurice
  7338 | D:8      | Reached skill level 12 in Stealth
  7374 | D:8      | Reached skill level 4 in Throwing
  7374 | D:8      | Reached skill level 9 in Hexes
  7377 | D:8      | Noticed Erica
  7975 | D:8      | Killed Erica
  7975 | D:8      | Reached skill level 8 in Short Blades
  7975 | D:8      | Reached XP level 11. HP: 35/54 MP: 4/17
  8241 | D:8      | Noticed a two-headed ogre
  8244 | D:8      | Noticed Prince Ribbit
  8247 | D:8      | Killed a two-headed ogre
  8264 | D:8      | Killed Prince Ribbit
  8264 | D:8      | Reached skill level 13 in Stealth
  8446 | D:9      | Reached skill level 5 in Throwing
  8658 | D:9      | Reached * piety under Dithmenos
  8748 | D:9      | Reached skill level 10 in Hexes
  9219 | D:9      | Found Xaxab's Armour Emporium.
  9497 | D:9      | Found a roughly hewn altar of Beogh.
  9551 | D:9      | Reached ** piety under Dithmenos
  9620 | D:9      | Reached skill level 9 in Short Blades
 10027 | D:9      | Reached skill level 1 in Invocations
 10029 | D:9      | Found an ancient bone altar of Kikubaaqudgha.
 10118 | D:10     | Entered Level 10 of the Dungeon
 10122 | D:10     | Found a staircase to the Lair.
 10122 | D:10     | Noticed a death yak
 10125 | D:10     | Noticed a death yak
 10259 | D:8      | Mangled by a death yak

Skill      XL: |  1  2  3  4  5  6  7  8  9 10 11 |
---------------+----------------------------------+-----
Short Blades   | 2 3 4 5 6 8 9 |  9.1
Ice Magic      | 1 2 3 4 |  4.0
Stealth        | 5 6 7 8 10 12 13 | 13.9
Hexes          | 4 5 6 7 9 10 | 10.4
Spellcasting   | 3 4 |  4.0
Conjurations   | 1 3 |  3.0
Throwing       | 2 4 5 |  5.7
Invocations    | 1 |  1.0
Dodging        | |  2.4

Action                   |  1- 3 |  4- 6 |  7- 9 | 10-12 || total
-------------------------+-------+-------+-------+-------++-------
Melee: Dagger            |    92 |     4 |   174 |   711 ||   981
       Short sword       |       |   145 |   190 |     3 ||   338
 Fire: Blowgun           |       |       |       |     9 ||     9
Throw: Tomahawk          |       |     3 |       |       ||     3
 Cast: Corona            |    11 |       |       |       ||    11
       Ensorcelled Hiber |    12 |    17 |    37 |    46 ||   112
       Confuse           |     1 |     8 |    19 |    21 ||    49
       Tukima's Dance    |       |     1 |       |       ||     1
       Dazzling Spray    |       |       |     9 |    13 ||    22
  Use: Scroll            |       |       |     7 |       ||     7
 Stab: Sleeping          |    12 |    19 |    30 |    55 ||   116
       Distracted        |       |     1 |       |     1 ||     2
       Confused          |       |     2 |    16 |    11 ||    29
       Invisible         |       |       |     2 |     4 ||     6
  Eat: Chunk             |    11 |     8 |    14 |    16 ||    49
Armor: Robe              |    25 |    10 |    67 |    80 ||   182
Dodge: Dodged            |    78 |    62 |   176 |   267 ||   583
Block: Other             |       |    21 |    78 |   101 ||   200
       Reflection        |       |       |     2 |       ||     2
